 Dungeon Sprint DCSS version 0.17-a0-1996-gd2c0ec8 (webtiles) character file.

53 Kidiri the Sneak (level 3, -11/16 HPs)
             Began as a Spriggan Enchanter on Oct 7, 2015.
             Mangled by a water elemental (16 damage)
             ... in the Dungeon (Sprint III: "The Ten Rune Challenge").
             The game lasted 00:02:09 (487 turns).

Kidiri the Sneak (Spriggan Enchanter)                Turns: 487, Time: 00:02:09

Health: -11/16     AC:  3    Str:  4    XL:     3   Next: 64%
Magic:  2/10       EV: 20    Int: 16    God:
Gold:   22         SH:  0    Dex: 17    Spells: 4 memorised, 1 level left

rFire  . . .     SeeInvis +     a - +1 dagger
rCold  . . .     Clarity  .     l - +1 robe {Archmagi}
rNeg   . . .     SustAt   .     (shield restricted)
rPois  .         Gourm    .     (helmet restricted)
rElec  +         Spirit   .     (no cloak)
rCorr  .         Warding  .     (gloves unavailable)
rMut   .         NoTele   +     (boots unavailable)
MR     .....                    (no amulet)
Stlth  ++++......               (no ring)
                                (no ring)

@: very quick, not resistant to hostile enchantments, stealthy
A: unfitting armour, see invisible, breathe flames 1, herbivore 3, speed 3, high
mp 1, sense surroundings 1, electricity resistance, slow regeneration 1, slow
metabolism 2, subdued magic 1
a: Breathe Fire


You were in the Dungeon.
You were not hungry.

You visited 1 branch You collected 22 gold pieces.

Inventory:

Hand Weapons
 a - a +1 dagger (weapon)
Armour
 b - a +1 robe
 l - a +1 robe of the Archmagi (worn)
Scrolls
 j - a scroll of blinking
 m - a scroll of torment
 o - 2 scrolls of remove curse {unknown}
 r - a scroll of immolation
Potions
 e - 2 potions of curing
 f - a potion of heal wounds
 g - a potion of haste
 h - 2 potions of magic
 i - a potion of berserk rage
 p - a potion of ambrosia
 q - 2 potions of flight {unknown}
 t - 2 potions of cure mutation
Books
 c - a book of Maledictions

   Spells                             Type                      Level
   a - Corona                         Hexes                        1
   b - Ensorcelled Hibernation        Hexes/Ice                    2
   c - Confuse                        Hexes                        3
   d - Tukima's Dance                 Hexes                        3
   e - Dazzling Spray                 Conjuration/Hexes            3
Comestibles
 d - 2 bread rations
 s - a royal jelly


   Skills:
 * Level 3.7 Short Blades
 + Level 1.4 Armour
 * Level 5.0 Dodging
 * Level 6.6 Stealth
 * Level 4.4 Spellcasting
 + Level 0.3 Conjurations
 + Level 4.4 Hexes
 + Level 0.5 Ice Magic


You had one spell level left.
You knew the following spells:

 Your Spells              Type           Power        Failure   Level  Hunger
a - Corona                Hex            ###....      1%          1    None
b - Ensorcelled Hibernat  Hex/Ice        ##....       4%          2    ##.....
c - Confuse               Hex            ###.....     4%          3    ###....
e - Dazzling Spray        Conj/Hex       ##......     9%          3    ###....


Dungeon Overview and Level Annotations

Branches:
Dungeon (1/1)

Altars:


Innate Abilities, Weirdness & Mutations

You are tiny and cannot use many weapons and most armour.
You have supernaturally acute eyesight.
You are a herbivore.
You cover ground extremely quickly.
You need consume almost no food.
You can breathe flames.
You have an increased reservoir of magic (+10% MP).
You passively map a small area around you.
You are resistant to electric shocks.
You regenerate slowly when monsters are visible.
Your spells are a little easier to cast, but a little less powerful.


Message History

You closely miss the water elemental.
The water elemental is almost destroyed.
The water elemental closely misses you.
You hit the water elemental.
The water elemental is almost destroyed.
The water elemental hits you.
The water elemental engulfs you in water!
With effort, you pull free of the water engulfing you.
You gasp with relief as air once again reaches your lungs.
You see here a chunk of flesh.
You closely miss the water elemental.
The water elemental is almost destroyed.
The water elemental barely misses you.
You hit the water elemental but do no damage.
The water elemental is almost destroyed.
You hit the water elemental but do no damage.
The water elemental is almost destroyed.
The water elemental hits you!
Ouch! That really hurt!
You die...

▓..##.......#..#..#, ,,
▓##.##)##...#..#..###+#+###
##.##.###..##'#..#........
▓#.####.##..###...'.⌠......
▓.###..##..####...#...#####
▓#.....##..###....#.⌠.#
###..##...##.....#...#
##..##....#E.....#+###
#..###..##@#.....# ,* *
#..# #..#####....# ▓▓▓▓
▓▓▓▓ ▓▓▓▓▓▓ * * ≈ * ≈ , + *
, ≈ * ,* *


You could see a water elemental.

Vanquished Creatures
  Jessica (D)
  A human (D)
  An ooze (D)
  A phantom (D)
  2 rats (D)
6 creatures vanquished.

Vanquished Creatures (others)
  2 draconian scorchers (D)
  2 fire drakes (D)
  A yaktaur (D)
  4 plants (D)
9 creatures vanquished.

Grand Total: 15 creatures vanquished

Notes
Turn   | Place    | Note
--------------------------------------------------------------
     0 | D        | Kidiri the Spriggan Enchanter began the quest for the Orb.
     0 | D        | Reached XP level 1. HP: 9/9 MP: 5/5
    11 | D        | Reached skill level 5 in Stealth
    15 | D        | Killed a yaktaur
    24 | D        | Noticed Jessica
    41 | D        | Killed Jessica
    41 | D        | Reached skill level 1 in Armour
    41 | D        | Reached skill level 6 in Stealth
    41 | D        | Reached XP level 2. HP: 8/13 MP: 5/8
    41 | D        | Reached XP level 3. HP: 9/16 MP: 5/9
    58 | D        | Learned a level 2 spell: Ensorcelled Hibernation
    62 | D        | Learned a level 3 spell: Confuse
    66 | D        | Learned a level 3 spell: Dazzling Spray
   185 | D        | Killed a fire drake
   185 | D        | Killed a white draconian scorcher
   198 | D        | Killed a white draconian scorcher
   357 | D        | Reached skill level 5 in Dodging
   390 | D        | Killed a fire drake
   399 | D        | Gained mutation: You have an increased reservoir of magic (+10% MP). [potion of mutation]
   399 | D        | Gained mutation: You can breathe flames. [potion of mutation]
   399 | D        | Gained mutation: You expend magic power (3 MP) to strengthen your wands. [potion of mutation]
   400 | D        | Gained mutation: You regenerate slowly when monsters are visible. [potion of mutation]
   400 | D        | Gained mutation: You are resistant to electric shocks. [potion of mutation]
   401 | D        | Gained mutation: Your spells are a little easier to cast, but a little less powerful. [potion of mutation]
   401 | D        | Lost mutation: You expend magic power (3 MP) to strengthen your wands. [potion of mutation]
   401 | D        | Gained mutation: You passively map a small area around you. [potion of mutation]
   460 | D        | Noticed a water elemental
   487 | D        | Mangled by a water elemental

Vault maps used:
D:        dungeon_sprint_mu

Action                   || total
-------------------------++-------
Melee: Dagger            ||    35
 Cast: Corona            ||     1
       Dazzling Spray    ||     5
       Ensorcelled Hiber ||     2
  Use: Scroll            ||     4
       Potion            ||     3
 Stab: Sleeping          ||     4
